 Dungeon Crawl Stone Soup version 0.26-a0-651-gb41185065b (webtiles) character file.

Game seed: 5372437226560645993

33516 Flugslaktarn the Cleaver (level 14, -21/111 HPs)
             Began as a Human Fighter on Oct 26, 2020.
             Was a High Priest of Ru.
             Killed from afar by a Hell Sentinel (52 damage)
             ... with an iron shot
             ... on level 2 of the Abyss.
             The game lasted 00:10:30 (18797 turns).

Flugslaktarn the Cleaver (Human Fighter)           Turns: 18797, Time: 00:10:31

Health: -21/111    AC: 30    Str: 20    XL:     14   Next: 8%
Magic:  7/14       EV: 13    Int: 21    God:    Ru [*****.]
Gold:   984        SH: 10    Dex: 13    Spells: 13/13 levels left

rFire    x . .     SeeInvis +   I - +5 hand axe of Mandamus {freeze, rN+ Int+4 SInv}
rCold    x . .     Faith    .   c - +0 kite shield
rNeg     + . .     Spirit   .   A - +0 plate armour
rPois    .         Reflect  .   E - +1 hat
rElec    .         Harm     .   H - +2 cloak
rCorr    .         Rampage  .   D - +4 pair of gloves of Red Leaves {Int+4 SInv}
MR       .....                  p - +2 pair of boots
Stlth    ..........             (no amulet)
HPRegen  0.28/turn              N - ring of the Sneaky Baking Yaks {AC+4 Int+3}
MPRegen  0.14/turn              y - ring of Phasing {EV+8}

@: mighty, exhausted, vulnerable, hasted, very heavily drained, very quick
A: hated by all, no hexes magic, no ice magic, no necromancy magic, temperature
sensitive
a: Draw Out Power, Power Leap, Apocalypse, Renounce Religion


You were on level 2 of the Abyss.
You worshipped Ru.
Ru was extremely pleased with you.
You visited 2 branches of the dungeon, and saw 15 of its levels.
You visited the Abyss 1 time.
You also visited: Gauntlet.

You collected 984 gold pieces.

Inventory:

Hand Weapons
 a - a +1 war axe
 j - a +2 dagger of distortion
   (You took it off Psyche on level 11 of the Dungeon)
 I - the +5 hand axe of Mandamus (weapon) {freeze, rN+ Int+4 SInv}
   (You found it on level 10 of the Dungeon)

   It has been specially enchanted to freeze those struck by it, causing extra
   injury to most foes and up to half again as much damage against particularly
   susceptible opponents.
   It can also slow down cold-blooded creatures.
   It affects your intelligence (+4).
   It protects you from negative energy.
   It lets you see invisible.
Armour
 c - a +0 kite shield (worn)
 n - a scarf of shadows
   (You found it on level 2 of the Dungeon)
 p - a +2 pair of boots (worn)
   (You found it on level 2 of the Dungeon)
 A - a +0 plate armour (worn)
   (You took it off an orc warrior on level 7 of the Dungeon)
 D - the +4 pair of gloves of Red Leaves (worn) {Int+4 SInv}
   (You found it on level 10 of the Dungeon)

   It affects your intelligence (+4).
   It lets you see invisible.
 E - a +1 hat (worn)
   (You took it off Gastronok on level 10 of the Dungeon)
 H - a +2 cloak (worn)
   (You found it on level 10 of the Dungeon)
Jewellery
 k - an uncursed ring of resist corrosion
   (You took it off a goblin on level 3 of the Dungeon)
 v - an uncursed ring of positive energy
   (You found it on level 8 of the Dungeon)
 y - the ring of Phasing (right hand) {EV+8}
   (You found it on level 9 of the Dungeon)

   [ring of evasion]

   It affects your evasion (+8).
 L - an uncursed amulet of reflection {unknown}
   (You found it on level 13 of the Dungeon)
 N - the ring of the Sneaky Baking Yaks (left hand) {AC+4 Int+3}
   (You found it on level 13 of the Dungeon)

   [ring of protection]

   It affects your AC (+4).
   It affects your intelligence (+3).
Wands
 g - a wand of digging (4)
   (You found it on level 7 of the Dungeon)
 F - a wand of iceblast (1)
   (You found it on level 10 of the Dungeon)
Scrolls
 e - 2 scrolls of enchant armour
 f - 2 scrolls of immolation
 l - a scroll of magic mapping
 r - 3 scrolls of identify
 x - 7 scrolls of remove curse
 z - 2 scrolls of blinking
 C - a scroll of fear
 K - 2 scrolls of enchant weapon
Potions
 b - a potion of brilliance
 d - 2 potions of might
 i - 8 potions of stabbing
 m - a potion of magic
 q - 6 potions of curing
 s - 2 potions of flight
 u - 2 potions of berserk rage
 w - a potion of heal wounds
 B - a potion of mutation {unknown}
 G - a potion of ambrosia {unknown}
 M - a potion of cancellation {unknown}
 O - a potion of invisibility {unknown}


   Skills:
 + Level 10.5(7.0) Fighting
 * Level 13.9(10.0) Axes
 + Level 10.5(7.0) Armour
 + Level 5.6(2.5) Dodging
 - Level 9.0(5.6) Shields
 - Level 6.0(2.8) Evocations


You had 13 spell levels left.
You didn't know any spells.
Your spell library was empty.

Dungeon Overview and Level Annotations

Branches:
Dungeon (14/15)            Temple (1/1) D:6            Lair (0/6) D:10
    Orc (0/2) D:12        Gauntlet (visited)
 Vaults: D:13-14

Altars:
Ashenzari
Cheibriados
Dithmenos
Elyvilon
Fedhas
Gozag
Hepliaklqana
Kikubaaqudgha
Makhleb
Nemelex Xobeh
Okawaru
Qazlal
Ru
Sif Muna
Trog
Uskayaw
Vehumet
Wu Jian
Xom
Yredelemnul
Zin
The Shining One
Lugonu

Shops:
D:6 [   D:13 !   D:14 ((

Annotations:
D:9 2 transporters, Ocudoomi's ghost, novice OpCj
D:12 exclusion: 2 orc wizards
D:14 3 runed translucent doors, Baam's ghost, adept FoVM; Dido's ghost, journeyman MiFi; Omuih's ghost, journeyman DDFi


Innate Abilities, Weirdness & Mutations

You are hated by all.
You cannot study or cast Hexes magic.
You cannot study or cast Ice magic.
You cannot study or cast Necromancy magic.
You are sensitive to extremes of temperature. (rF-, rC-)


Message History

The Hell Sentinel hits you but does no damage.
The Hell Sentinel hits you!
You hit the Hell Sentinel.
The Hell Sentinel is heavily wounded.
You slash the small abomination! You freeze the small abomination.
You destroy the small abomination!
You hit the Hell Sentinel.
The Hell Sentinel is heavily wounded.
You hit the Hell Sentinel but do no damage.
The Hell Sentinel is heavily wounded.
The Hell Sentinel hits you!
* * * LOW HITPOINT WARNING * * *
The Hell Sentinel hits you but does no damage.
You hit the Hell Sentinel but do no damage.
The Hell Sentinel is heavily wounded.
You slash the Hell Sentinel!
The Hell Sentinel is severely wounded.
The Hell Sentinel gestures at you. The iron shot hits you!!!
You die...

. # ##.####.#
# . .#. #...
### . ##.# .
.##. ..# ..
#.#.####....
# . ....# #.
#..#x###
..##.
.#......#..#
## #
#.....#.#1##
.
..#.#....#..#
##.#
#.###@#.# .
.#.## #####
#. ### #. # #
. ##


You could see a Hell Sentinel (slow, corona).

Vanquished Creatures
  Jorgrun (D:14)
  Gastronok (D:10)
  2 very ugly things (D:13)
  Josephine (D:13)
  A hydra (D:13)
  2 centaur warriors
  2 two-headed ogres
  A tengu warrior (D:14)
  A thrashing horror (D:13)
  3 large abominations
  Sonja (D:13)
  3 unseen horrors
  2 cyclopes
  5 ugly things
  3 manticores
  A worldbinder (D:13)
  Psyche (D:11)
  4 centaur zombies
  A black mamba (shapeshifter) (D:13)
  A komodo dragon (D:11)
  A redback zombie (D:12)
  An efreet (D:14)
  4 raiju (Abyss:2)
  A meliai zombie (D:13)
  A hippogriff (D:14)
  A shadow (D:11)
  8 yaks (D:14)
  A ynoxinul (Abyss:2)
  6 wraiths
  2 small abominations (Abyss:2)
  4 vampire mosquitoes (D:14)
  2 soldier ants (D:14)
  An acid dragon (D:13)
  A sky beast (D:10)
  4 ice beasts
  9 orc warriors
  2 phantoms
  A black bear (shapeshifter) (D:13)
  A black bear (D:10)
  A necrophage (D:9)
  8 ogres
  8 centaurs
  5 bullfrogs
  A wyvern zombie (D:12)
  A wyvern skeleton (D:10)
  4 scorpions
  20 killer bees
  12 wights
  3 howler monkeys
  An electric eel (D:12)
  2 jellies
  2 bullfrog zombies
  5 hounds
  A quasit (D:6)
  9 orc priests
  18 orc wizards
  A bullfrog skeleton (D:4)
  3 centaur skeletons
  3 iguanas
  9 worker ants
  Natasha (twice) (D:2)
  A hound zombie (D:11)
  2 hound skeletons
  7 gnolls
  8 river rats (D:6)
  15 adders
  2 shadow imps
  6 white imps
  2 ufetubi
  4 worms
  3 dart slugs
  4 leopard geckos
  65 orcs
  3 bats (D:3)
  18 giant cockroaches
  6 goblins
  3 hobgoblins
  16 jackals
  13 quokkas
  A ball python (D:6)
  A frilled lizard (D:2)
  9 kobolds
  A leopard gecko zombie (D:8)
  20 rats
417 creatures vanquished.

Vanquished Creatures (others)
  An unseen horror (D:14)
  A centaur zombie (D:14)
  A sky beast (D:6)
  A centaur (D:13)
  A bullfrog (D:14)
  A bullfrog zombie (D:13)
  Natasha (D:2)
  A fungus (Gauntlet)
  A lurking horror (Abyss:2)
  3 plants
  16 withered plants (Gauntlet)
28 creatures vanquished.

Grand Total: 445 creatures vanquished

Notes
Turn   | Place    | Note
-------+----------+-------------------------------------------
     0 | D:1      | Flugslaktarn the Human Fighter began the quest for the Orb.
     0 | D:1      | Reached XP level 1. HP: 18/18 MP: 1/1
   322 | D:1      | Reached XP level 2. HP: 24/24 MP: 2/2
   957 | D:2      | Reached XP level 3. HP: 29/29 MP: 3/3
  1335 | D:2      | Noticed Natasha
  1351 | D:2      | Killed Natasha
  1351 | D:2      | Reached skill level 3 in Axes
  1351 | D:2      | Reached XP level 4. HP: 7/35 MP: 4/4
  1708 | D:2      | Noticed Natasha
  1724 | D:2      | Killed Natasha
  1990 | D:2      | Reached XP level 5. HP: 37/41 MP: 5/5
  2196 | D:2      | Noticed Natasha
  2200 | D:2      | Killed Natasha
  2540 | D:3      | Reached XP level 6. HP: 47/48 MP: 6/6
  2612 | D:3      | Reached skill level 4 in Axes
  3719 | D:4      | Reached XP level 7. HP: 47/54 MP: 7/7
  4026 | D:4      | Found a white marble altar of Elyvilon.
  4198 | D:4      | Reached skill level 5 in Axes
  4222 | D:4      | Found a glowing silver altar of Zin.
  4297 | D:4      | Found a shimmering blue altar of Sif Muna.
  4300 | D:4      | Found a glowing golden altar of the Shining One.
  4314 | D:4      | Found a radiant altar of Vehumet.
  4461 | D:5      | Entered Level 5 of the Dungeon
  4890 | D:5      | Reached XP level 8. HP: 50/61 MP: 8/8
  5002 | D:5      | Reached skill level 5 in Shields
  5234 | D:5      | Reached skill level 5 in Armour
  5235 | D:5      | Reached skill level 6 in Axes
  5261 | D:5      | Reached skill level 5 in Fighting
  5487 | D:5      | Found a glowing golden altar of the Shining One.
  6524 | D:6      | Found a staircase to the Ecumenical Temple.
  6568 | Temple   | Entered the Ecumenical Temple
  6784 | Temple   | Became a worshipper of Ru the Awakened
  6809 | D:6      | Found Amuzey's Armour Boutique.
  6882 | D:6      | Reached XP level 9. HP: 61/68 MP: 9/9
  7105 | D:6      | Reached skill level 7 in Axes
  7836 | D:7      | Gained mutation: You cannot study or cast Ice magic. [Ru
                  | sacrifice]
  7836 | D:7      | Gained mutation: You cannot study or cast Hexes magic. [Ru
                  | sacrifice]
  7836 | D:7      | Gained mutation: You cannot study or cast Necromancy magic.
                  | [Ru sacrifice]
  7836 | D:7      | Reached * piety under Ru
  8353 | D:7      | Reached skill level 8 in Axes
  9401 | D:8      | Reached XP level 10. HP: 76/77 MP: 10/10
  9532 | D:8      | Found a shadowy altar of Dithmenos.
  9533 | D:8      | Found a snail-covered altar of Cheibriados.
  9534 | D:8      | Found a hazy altar of Hepliaklqana.
 10003 | D:8      | Got a crude sapphire amulet
 10457 | D:9      | Reached skill level 9 in Axes
 10601 | D:9      | Found a transporter.
 10626 | D:9      | Gained mutation: You are sensitive to extremes of
                  | temperature. (rF-, rC-) [Ru sacrifice]
 10626 | D:9      | Reached ** piety under Ru
 10626 | D:9      | Reached *** piety under Ru
 10635 | D:9      | Found a transporter.
 10662 | D:9      | Found the ring of Phasing {EV+8}
 11248 | D:9      | Noticed Ocudoomi's ghost (novice OpCj)
 11260 | D:10     | Entered Level 10 of the Dungeon
 11576 | D:10     | Found a staircase to the Lair.
 11744 | D:10     | Got a pair of faintly glowing gloves
 11748 | D:10     | Noticed Gastronok
 11770 | D:10     | Killed Gastronok
 11770 | D:10     | Reached skill level 10 in Axes
 11770 | D:10     | Reached XP level 11. HP: 34/85 MP: 11/11
 12014 | D:10     | Noticed an unseen horror
 12035 | D:10     | Killed an unseen horror
 12035 | D:10     | Reached skill level 1 in Evocations
 12187 | D:10     | Killed an unseen horror
 12864 | D:10     | Got an ichor-stained hand axe
 12865 | D:10     | Identified the +5 hand axe of Mandamus {freeze, rN+ Int+4
                  | SInv} (You found it on level 10 of the Dungeon)
 13133 | D:10     | Noticed a green ugly thing
 13153 | D:10     | Killed a green ugly thing
 13551 | D:11     | Identified the amulet "Epadwoph" {Inacc Int+3} (You found
                  | it on level 8 of the Dungeon)
 13599 | D:11     | Found a gate leading to a gauntlet.
 13608 | Gauntlet | Entered a Gauntlet
 13608 | Gauntlet | Found a transporter.
 13616 | Gauntlet | Noticed a death scarab
 13685 | Gauntlet | Found a large runed translucent door.
 13686 | Gauntlet | Found a large runed translucent door.
 13687 | Gauntlet | Found a large runed translucent door.
 13687 | Gauntlet | Found a large runed translucent door.
 13687 | Gauntlet | Found a runed translucent door.
 13688 | Gauntlet | Found a large runed translucent door.
 13689 | Gauntlet | Found a large runed translucent door.
 13690 | Gauntlet | Found a large runed translucent door.
 13690 | Gauntlet | Found a large runed translucent door.
 13691 | Gauntlet | Found a runed translucent gate.
 13691 | Gauntlet | Found a runed translucent gate.
 13693 | Gauntlet | Found a transporter.
 13701 | Gauntlet | Found a runed translucent gate.
 13701 | Gauntlet | Found a runed translucent door.
 13702 | Gauntlet | Found a large runed translucent door.
 13702 | Gauntlet | Found a large runed translucent door.
 13703 | Gauntlet | Found a large runed translucent door.
 13704 | Gauntlet | Found a large runed translucent door.
 13708 | Gauntlet | Found a transporter.
 13713 | Gauntlet | Found a transporter.
 13713 | Gauntlet | Identified the +8 ice dragon scales of Temperance {rElec
                  | rPois rF- rC++ Str+4}
 13728 | Gauntlet | Found a transporter.
 13747 | Gauntlet | Found a transporter.
 13759 | Gauntlet | Found a transporter.
 13771 | Gauntlet | Found a transporter.
 13773 | Gauntlet | Noticed a catoblepas
 13777 | Gauntlet | Found a transporter.
 13777 | Gauntlet | Found a transporter.
 13778 | Gauntlet | Noticed an entropy weaver
 13790 | Gauntlet | Noticed an entropy weaver
 13792 | Gauntlet | Found a transporter.
 13798 | Gauntlet | Found a transporter.
 13813 | Gauntlet | Found a transporter.
 13815 | Gauntlet | Noticed an obsidian statue
 13818 | Gauntlet | Gained mutation: You are hated by all. [Ru sacrifice]
 13818 | Gauntlet | Reached **** piety under Ru
 13818 | Gauntlet | Reached ***** piety under Ru
 13831 | Gauntlet | Found a transporter.
 13851 | Gauntlet | Found a transporter.
 13877 | Gauntlet | Found a transporter.
 13879 | Gauntlet | Found a transporter.
 13895 | Gauntlet | Found a large runed translucent door.
 13895 | Gauntlet | Found a large runed translucent door.
 13896 | Gauntlet | Found a large runed translucent door.
 13897 | Gauntlet | Found a large runed translucent door.
 13899 | Gauntlet | Found a transporter.
 13961 | Gauntlet | Noticed a death drake
 14009 | Gauntlet | Identified the +4 pair of gloves of Red Leaves {Int+4 SInv}
                  | (You found it on level 10 of the Dungeon)
 14176 | D:11     | Noticed Psyche
 14179 | D:11     | Killed Psyche
 14179 | D:11     | Reached skill level 11 in Axes
 14198 | D:11     | Noticed a manticore
 14205 | D:11     | Killed a manticore
 14330 | D:11     | Found a broken altar of Ashenzari.
 14646 | D:11     | Noticed a two-headed ogre
 14659 | D:11     | Killed a two-headed ogre
 15048 | D:12     | Noticed a purple ugly thing
 15075 | D:12     | Killed a purple ugly thing
 15075 | D:12     | Reached XP level 12. HP: 89/94 MP: 12/12
 15437 | D:12     | Identified the +1 robe "Zahur" {MR+}
 15482 | D:12     | Found a staircase to the Orcish Mines.
 15542 | D:12     | Noticed a two-headed ogre
 15550 | D:12     | Killed a two-headed ogre
 16010 | D:13     | Noticed Josephine
 16017 | D:13     | Reached skill level 1 in Dodging
 16032 | D:13     | Killed Josephine
 16036 | D:13     | Reached skill level 12 in Axes
 16250 | D:13     | Found a bloodstained altar of Trog.
 16373 | D:13     | Found Qelolex's Distillery.
 16595 | D:13     | Noticed a four-headed hydra
 16615 | D:13     | Killed a 16-headed hydra
 16727 | D:13     | Noticed a centaur warrior
 16744 | D:13     | Killed a centaur warrior
 16787 | D:13     | Noticed a brown very ugly thing
 16787 | D:13     | Noticed a large abomination
 16789 | D:13     | Found a corrupted altar of Lugonu.
 16789 | D:13     | Noticed a brown very ugly thing
 16841 | D:13     | Reached skill level 5 in Evocations
 16865 | D:13     | Reached XP level 13. HP: 70/101 MP: 13/13
 17131 | D:13     | Found a transporter.
 17131 | D:13     | Found a transporter.
 17261 | D:13     | Noticed Sonja
 17288 | D:13     | Killed a purple very ugly thing
 17300 | D:13     | Killed a green very ugly thing
 17300 | D:13     | Reached skill level 13 in Axes
 17316 | D:13     | Got a slimy wooden ring
 17318 | D:13     | Identified the ring of the Sneaky Baking Yaks {AC+4 Int+3}
                  | (You found it on level 13 of the Dungeon)
 17529 | D:13     | Killed Sonja
 17706 | D:14     | Found a runed translucent gate.
 17706 | D:14     | Found a runed translucent gate.
 17706 | D:14     | Found a runed translucent gate.
 17706 | D:14     | Found an ancient bone altar of Kikubaaqudgha.
 17706 | D:14     | Noticed Omuih's ghost (journeyman DDFi)
 17706 | D:14     | Noticed Baam's ghost (adept FoVM)
 17706 | D:14     | Noticed Dido's ghost (journeyman MiFi)
 17706 | D:14     | Noticed a lich
 17706 | D:14     | Noticed a lich
 17775 | D:14     | Reached skill level 10 in Armour
 17791 | D:14     | Reached skill level 10 in Fighting
 17824 | D:14     | Noticed Jorgrun
 17849 | D:14     | Found Lian's Antique Weapon Boutique.
 17910 | D:14     | Killed Jorgrun
 17915 | D:14     | Reached skill level 5 in Dodging
 18123 | D:14     | Found Soyghoedu's Weapon Boutique.
 18199 | D:14     | Noticed a centaur warrior
 18211 | D:14     | Noticed a vault guard
 18212 | D:14     | Killed a centaur warrior
 18212 | D:14     | Reached XP level 14. HP: 44/111 MP: 14/14
 18224 | D:14     | Cast into level 2 of the Abyss (a wizard)
 18548 | Abyss:2  | Noticed an angel
 18729 | Abyss:2  | Found a corrupted altar of Lugonu.
 18760 | Abyss:2  | Noticed a Hell Sentinel
 18797 | Abyss:2  | Killed from afar by a Hell Sentinel

Illustrated notes

Levels and vault maps discovered:
D:1:      kennysheep_arrival_forest, layout_basic
D:2:      minmay_roachtagon, layout_basic, uniq_natasha
D:3:      minmay_recursive_quarters, layout_basic
D:4:      layout_gridville, elyvilon_altar_5, grunt_temple_overflow_cloverleaf
D:5:      layout_basic, st_stairs_6, tso_altar
D:6:      lemuel_ratsnest, layout_basic, minmay_temple_entry_trees,
          serial_shops, shop, kennysheep_generic_room_3
D:7:      layout_gridville, feat_on_display
D:8:      layout_loops_corners, chequers_temple_overflow_statue_of_worship,
          st_stairs_3, grunt_decor_mini_mirrors
D:9:      layout_long_grid, gammafunk_ghost_stat_death, nicolae_sextant,
          chequers_serial_rivers_micro_b, minmay_strange_pillars,
          corner_web_ring
D:10:     layout_long_grid, dpeg_oklobed_lair, uniq_gastronok
D:11:     layout_roguey, gauntlet_entry_generic, nicolae_ashenzari_panopticon,
          uniq_psyche
D:12:     layout_long_grid, erik_orc_2
D:13:     gammafunk_corrupted_shrine, layout_irregular_city, serial_shops,
          kennysheep_little_box, basic_altar, uniq_josephine, uniq_sonja
D:14:     layout_loops_ring, lightli_vaults_fourway_checkpoint, chequers_jeans,
          gammafunk_ghost_crypt, serial_shops, kennysheep_mini, shop, shop,
          uniq_jorgrun
Temple:   eino_temple_water
Abyss:2:  base: D:7, base: D:14, base: D:4, minivault_25

Skill      XL: |  1  2  3  4  5  6  7  8  9 10 11 12 13 |
---------------+----------------------------------------+-----
Axes           | 3 4 5 6 8 10 11 12 13 | 13.9
Shields        | 4 5 6 7 8 9 |  9.0
Fighting       | 4 5 6 7 8 9 10 | 10.5
Armour         | 4 5 6 7 8 9 10 | 10.5
Evocations     | 3 5 6 |  6.0
Dodging        | 3 5 |  5.6

Action                   |  1- 3 |  4- 6 |  7- 9 | 10-12 | 13-15 || total
-------------------------+-------+-------+-------+-------+-------++-------
Melee: War axe           |   104 |   205 |   504 |   251 |       ||  1064
       Hand axe          |       |       |       |   431 |   347 ||   778
Invok: Sacrifice Arcana  |       |       |     1 |       |       ||     1
       Draw Out Power    |       |       |       |     2 |     3 ||     5
       Sacrifice Resista |       |       |       |     1 |       ||     1
       Apocalypse        |       |       |       |     3 |     4 ||     7
       Sacrifice Love    |       |       |       |     1 |       ||     1
       Reject Sacrifices |       |       |       |     1 |       ||     1
Evoke: Wand              |       |       |       |     7 |     6 ||    13
  Use: Scroll            |       |       |    14 |     7 |     3 ||    24
       Potion            |       |       |     3 |     1 |     8 ||    12
 Stab: Invisible         |       |       |       |     2 |     1 ||     3
       Distracted        |       |       |       |     3 |     2 ||     5
       Paralysed         |       |       |       |    14 |     3 ||    17
Armor: Scale mail        |    53 |   107 |   108 |       |       ||   268
       Chain mail        |       |       |   165 |       |       ||   165
       Plate armour      |       |       |    12 |   317 |   167 ||   496
Dodge: Dodged            |    42 |    65 |   120 |   174 |   134 ||   535
Block: Kite shield       |    54 |   146 |   298 |   324 |   154 ||   976

Table legend: (Time is in decaauts)
 A = Elapsed time spent in this place.
 B = Non-inter-level travel time spent in this place.
 C = Inter-level travel time spent in this place.
 D = Time resting spent in this place.
 E = Time spent auto-exploring this place.
 F = Levels seen in this place.
 G = Mean time per level.
                   A        B        C        D        E       F      G
               +--------+--------+--------+--------+--------+-----+--------+
         Total |  18919 |  18258 |    661 |   1413 |  13594 |  17 | 1112.9 |
       Dungeon |  17651 |  17033 |    618 |   1319 |  12721 |  14 | 1260.8 |
        Temple |    233 |    190 |     43 |      0 |    188 |   1 |  233.0 |
         Abyss |    547 |    547 |      0 |     73 |    317 |   1 |  547.0 |
      Gauntlet |    487 |    487 |      0 |     21 |    368 |   1 |  487.0 |
               +--------+--------+--------+--------+--------+-----+--------+

Top non-repeatable levels by time:
    D:10: 1981 daAuts
     D:7: 1670 daAuts
    D:13: 1662 daAuts
     D:5: 1462 daAuts
     D:3: 1458 daAuts
     D:2: 1307 daAuts
     D:6: 1281 daAuts
    D:12: 1138 daAuts
     D:8: 1113 daAuts
     D:4: 1090 daAuts
     D:9: 1086 daAuts
     D:1: 1084 daAuts
    D:11: 843 daAuts
 Abyss:2: 547 daAuts
Gauntlet: 487 daAuts
